 Dungeon Crawl Stone Soup version 0.20-a0-1040-gfd09691 (webtiles) character file.

99 Gorglomux the Cudgeler (level 5, 0/38 HPs)
             Began as a Formicid Warper on Apr 23, 2017.
             Succumbed to a kobold's poison
             ... on level 3 of the Dungeon.
             The game lasted 00:05:39 (2302 turns).

Gorglomux the Cudgeler (Formicid Warper)            Turns: 2302, Time: 00:05:39

Health: 0/38       AC:  5    Str: 12 (15) XL:     5   Next: 2%
Magic:  8/8        EV: 16    Int: 11 (14) God:
Gold:   120        SH:  0    Dex: 14 (15) Spells: 8/8 levels left

rFire    + . .     SeeInvis +   o - +1 whip (venom)
rCold    + . .     Gourm    .   (no shield)
rNeg     . . .     Faith    .   m - +0 ring mail
rPois    +         Spirit   .   (helmet unavailable)
rElec    +         Reflect  .   (no cloak)
rCorr    +         Harm     .   (no gloves)
MR       .....                  (no boots)
Stlth    ++........             (no amulet)
Regen    0.2/turn               (no ring)
MPRegen  0.2/turn               (no ring)

@: agile, lethally poisoned (0 -> -28), resistant
A: permanent stasis, dig shafts and tunnels, four strong arms, antennae 3,
blurry vision 1, sense surroundings 1, evolution 1
a: Dig, Shaft Self


You were on level 3 of the Dungeon.
You were not hungry.

You visited 1 branch of the dungeon, and saw 3 of its levels.

You collected 120 gold pieces.

Inventory:

Hand Weapons
 a - a +0 mace
 b - a +0 hunting sling
   (You found it on level 1 of the Dungeon)
 o - a +1 whip of venom (weapon)
   (You found it on level 2 of the Dungeon)
Missiles
 e - 5 tomahawks of dispersal {=f}
 k - 35 stones (quivered)
Armour
 l - a +0 leather armour
 m - a +0 ring mail (worn)
   (You found it on level 1 of the Dungeon)
Scrolls
 d - a scroll of blinking {!r}
 g - 6 scrolls of remove curse
 p - 2 scrolls of teleportation {unknown}
 r - a scroll of random uselessness {unknown}
 s - a scroll of identify {unknown}
 t - a scroll of enchant weapon {unknown}
 v - a scroll of recharging {unknown}
Potions
 i - a potion of mutation {!q}
Books
 c - a book of Spatial Translocations
Comestibles
 f - 4 bread rations {@e1@e1}
 u - 4 fruits
 w - 9 chunks of flesh {@w0@w0}


   Skills:
 - Level 2.1 Fighting
 + Level 4.7 Maces & Flails
 - Level 1.0 Throwing
 - Level 1.1 Armour
 - Level 1.7 Dodging
 - Level 2.1 Spellcasting
   Level 2.6 Translocations


You had 8 spell levels left.
You didn't know any spells.

Dungeon Overview and Level Annotations

Branches:
Dungeon (3/15)

Altars:
Kikubaaqudgha
Xom


Innate Abilities, Weirdness & Mutations

You cannot be hasted, slowed, berserked, paralysed or teleported.
You can dig through walls and to a lower floor.
Your four strong arms can wield two-handed weapons with a shield.
You have a pair of large antennae on your head. (SInv)
Scrolls take you a little longer to read.
You passively map a small area around you.
You evolve.


Message History

w - 5 chunks of flesh {@w0@w0} (gained 2)
Things that are here:
a flail; a chain mail; an orc skeleton You sense a monster nearby.
Found a stone staircase leading up.
An orc comes into view. It is wielding a falchion.
The orc shouts!
A dart slug comes into view.
There are monsters nearby!
You hit the dart slug.
The dart slug is poisoned.
The dart slug bites you but does no damage.
You hit the dart slug.
You kill the dart slug!
You have reached level 5!
You regained 4 hp, and now have 27/38 hp.
MP restored: 8 You hear the slow rusting of a very distant drain.
The orc barely misses you.
You hit the orc.
The orc is poisoned.
You completely miss the orc. The orc closely misses you.
You hit the orc.
You kill the orc!
Things that are here:
a falchion; an orc corpse You butcher the orc corpse.
w - 9 chunks of flesh {@w0@w0} (gained 4)
Things that are here:
a falchion; an orc skeleton A kobold comes into view.
It is wielding a dagger.
The kobold unwields an uncursed dagger.
The kobold wields a runed blowgun.
The kobold shoots a poisoned needle.
The poisoned needle hits you!
You are poisoned.
You see here a poisoned needle.
You feel sick.
The kobold shoots a poisoned needle.
The poisoned needle hits you!
You are more poisoned.
You see here a poisoned needle.
You take 1 damage, and have 30/38 hp.
You feel sick.
The kobold shoots a poisoned needle.
The poisoned needle hits you!
You are more poisoned.
You see here a poisoned needle.
You take 2 damage, and have 28/38 hp.
It was a potion of mutation.
You feel extremely strange.
You feel a strange attunement to the structure of the dungeons.
Your vision blurs.
You feel nature experimenting on you.
Don't worry, failures die fast.
You feel sick.
The kobold shoots a poisoned needle.
The poisoned needle hits you!
You are lethally poisoned!
You take 2 damage, and have 26/38 hp.
It was a potion of magic.
Magic courses through your body.
You feel sick.
The kobold shoots a poisoned needle.
The poisoned needle hits you!
You are more poisoned.
You take 1 damage, and have 25/38 hp.
It was a potion of degeneration.
There was something very wrong with that liquid.
You feel weakened.
You feel dopey.
You feel clumsy.
You feel very sick.
The kobold shoots a poisoned needle.
The poisoned needle hits you!
You are more poisoned.
You take 3 damage, and have 22/38 hp.
You feel very sick.
The kobold shoots a poisoned needle.
The poisoned needle closely misses you.
You take 3 damage, and have 19/38 hp.
You feel very sick.
The kobold shoots a poisoned needle.
The poisoned needle misses you.
You take 3 damage, and have 16/38 hp.
You feel very sick.
The kobold shoots a poisoned needle.
The poisoned needle hits you.
You are more poisoned.
You see here 5 stones.
You take 3 damage, and have 13/38 hp.
It was a potion of agility.
You feel agile all of a sudden.
* * * LOW HITPOINT WARNING * * *
You feel very sick.
The kobold shoots a poisoned needle.
The poisoned needle closely misses you.
You take 3 damage, and have 10/38 hp.
It was a potion of resistance.
You feel protected.
* * * LOW HITPOINT WARNING * * *
You feel very sick.
You take 3 damage, and have 7/38 hp.
You closely miss the kobold.
* * * LOW HITPOINT WARNING * * *
You feel sick. The kobold barely misses you.
You take 2 damage, and have 5/38 hp.
You closely miss the kobold.
* * * LOW HITPOINT WARNING * * *
You feel sick. The kobold misses you.
You take 2 damage, and have 3/38 hp.
You hit the kobold but do no damage.
* * * LOW HITPOINT WARNING * * *
You feel sick.
You take 1 damage, and have 2/38 hp.
You closely miss the kobold.
You die...

#..........##......###
#.######.............#.#..#
#.........###.#†###..#.#....
####........###. ...#.#..##
#.###.###.#$##<..... . ,
#.###.####.#*#.#..## , .##
#........#.# #.##..
....###.....##..K##.# .P.
#...#..#####..@..###.. ,
#...................
###..#####.#.###....
#....(...(.###.#..
#.####..(.(.......
#.#####(..#######
#........## ##########


You could see a kobold.

Vanquished Creatures
  3 adders
  An ooze (D:1)
  A worm (D:2)
  2 dart slugs
  4 leopard geckos
  4 orcs (D:3)
  4 giant cockroaches
  5 goblins
  4 hobgoblins (D:1)
  8 bats
  7 frilled lizards
  4 kobolds (D:1)
  6 rats
53 creatures vanquished.

Notes
Turn   | Place    | Note
-------+----------+-------------------------------------------
     0 | D:1      | Gorglomux the Formicid Warper began the quest for the Orb.
     0 | D:1      | Reached XP level 1. HP: 16/16 MP: 3/3
   269 | D:1      | Reached XP level 2. HP: 14/22 MP: 5/5
   413 | D:1      | Reached skill level 3 in Maces & Flails
   441 | D:1      | HP: 3/22 [ooze (4)]
   569 | D:1      | Reached XP level 3. HP: 14/27 MP: 6/6
  1093 | D:1      | Found a glowing silver altar of Zin.
  1095 | D:1      | Found a blossoming altar of Fedhas.
  1095 | D:1      | Found a shimmering altar of Xom.
  1097 | D:1      | Found a basalt altar of Yredelemnul.
  1097 | D:1      | Found a blossoming altar of Fedhas.
  1097 | D:1      | Found a shattered altar of Ashenzari.
  1595 | D:2      | Reached XP level 4. HP: 33/33 MP: 7/7
  1603 | D:2      | Reached skill level 4 in Maces & Flails
  2167 | D:3      | Found an ancient bone altar of Kikubaaqudgha.
  2253 | D:3      | Reached XP level 5. HP: 27/38 MP: 8/8
  2291 | D:3      | Gained mutation: You passively map a small area around you. [potion of mutation]
  2291 | D:3      | Gained mutation: Scrolls take you a little longer to read. [potion of mutation]
  2291 | D:3      | Gained mutation: You evolve. [potion of mutation]
  2298 | D:3      | HP: 7/38 [poisoned by a kobold]
  2300 | D:3      | HP: 3/38 [poisoned by a kobold]
  2302 | D:3      | Succumbed to a kobold's poison

Vault maps used:
D:1:      lemuel_arrival_lava_pool, doesnt_xom_only_xom
D:2:      first_bread
D:3:      kiku_gazebo_garden_becter, portal_sewer_entry_e, fedhas_altar_1,
          uniq_jessica

Skill      XL: |  1  2  3  4 |
---------------+-------------+-----
Maces & Flails | 3 4 |  4.7
Fighting       | |  2.1
Throwing       | |  1.0
Armour         | |  1.1
Dodging        | |  1.7
Spellcasting   | |  2.1
Translocations | |  2.6

Action                   |  1- 3 |  4- 6 || total
-------------------------+-------+-------++-------
Melee: Mace              |   108 |       ||   108
       Whip              |       |    53 ||    53
 Fire: Hunting sling     |    17 |       ||    17
Throw: Stone             |    25 |    23 ||    48
 Abil: Dig               |     2 |       ||     2
  Use: Scroll            |     1 |       ||     1
       Potion            |       |     5 ||     5
  Eat: Chunk             |     2 |     3 ||     5
Armor: Leather armour    |    29 |       ||    29
       Ring mail         |    16 |    16 ||    32
Dodge: Dodged            |   105 |    21 ||   126

Vault maps used:
D:1:      lemuel_arrival_lava_pool, doesnt_xom_only_xom
D:2:      first_bread
D:3:      kiku_gazebo_garden_becter, portal_sewer_entry_e, fedhas_altar_1,
          uniq_jessica

Table legend:
 A = Turns spent in this place as a percentage of turns spent in the entire game.
 B = Non-inter-level travel turns spent in this place as a percentage of non-inter-level travel turns spent in the entire game.
 C = Inter-level travel turns spent in this place as a percentage of turns spent in this place.
 D = Turns resting spent in this place as a percentage of non-inter-level travel turns spent in this place.
 E = Turns spent auto-exploring this place as a percentage of non-inter-level travel turns spent in this place.
 F = Non-inter-level travel turns spent in this place divided by the number of levels of this place that you've seen.
                   A       B       C       D       E      F
               +-------+-------+-------+-------+-------+----------------------
         Total | 100.0 | 100.0 |   0.2 |   1.5 |  10.8 | 269.3
       Dungeon | 100.0 | 100.0 |   0.2 |   1.5 |  10.8 | 269.3
               +-------+-------+-------+-------+-------+----------------------

Table legend:
 A = Kills in this place as a percentage of kills in entire the game.
 B = Kills by you in this place as a percentage of kills by you in the entire game.
 C = Kills by friends in this place as a percentage of kills by friends in the entire game.
 D = Other kills in this place as a percentage of other kills in the entire game.
 E = Experience gained in this place as a percentage of experience gained in the entire game.
 F = Experience gained in this place divided by the number of levels of this place that you have seen.
                   A       B       C       D       E      F
               +-------+-------+-------+-------+-------+----------------------
         Total | 100.0 | 100.0 |  -nan |  -nan | 100.0 |  47.3
       Dungeon | 100.0 | 100.0 |  -nan |  -nan | 100.0 |  47.3
               +-------+-------+-------+-------+-------+----------------------
